Map: Terrasses de Prion

Players

zidar - Winner!

  • Race: Zerg Zerg
  • League: Gold
  • Spawn Location: 5:00

JollyMcPot

  • Race: Protoss Protoss
  • League: Gold
  • Spawn Location: 11:00

VOD

Have the link to the VOD?

Description

Time

  • Played on: May 14, 2016, 2:50 p.m.
  • Length: 17:26
Show
View Real Time Build Order
Export as new Build Order

zidar Zerg - Winner!

Build Orders: Pool First, Brood Lord Corruptor 

Get SALT Encoding   

  12  0:01  Drone  
  13  0:12  Overlord  
  13  0:17  Drone  
  14  0:30  Drone x2  
  14  0:34  Drone  
  17  0:48  Spawning Pool  
  17  0:50  Drone  
  17  1:14  Hatchery  
  17  1:18  Drone  
  17  1:35  Extractor  
  17  1:36  Queen  
  18  1:41  Zergling x6  
  20  1:58  Drone  
  21  2:07  Drone  
  22  2:20  Overlord  
  22  2:25  Queen  
  23  2:57  Zergling x4  
  23  2:58  Zergling x12  
  29  3:06  Overlord  
  29  3:08  Metabolic Boost  
  29  3:18  Baneling Nest  
  28  3:23  Evolution Chamber  
  29  3:27  Zergling x8  
  32  4:03  Pneumatized Carapace  
  32  4:05  Lair  
  32  4:20  Drone x3  
  32  4:21  Drone x6  
  31  5:39  Hydralisk Den  
  31  5:42  Extractor  
  27  5:45  Extractor  
  26  5:51  Extractor  
  25  6:04  Hatchery  
  25  6:06  Overlord x2  
  25  6:09  Hatchery  
  23  6:14  Drone  
  23  6:15  Drone x2  
  23  6:17  Drone  
  23  6:18  Drone x2  
  29  6:29  Hydralisk x5  
  39  6:41  Zerg Melee Weapons Level 1  
  39  6:46  Zergling x8  
  43  6:53  Muscular Augments  
  43  6:56  Hydralisk  
  43  7:00  Zergling x2  
  46  7:06  Hydralisk  
  48  7:09  Zergling x2  
  48  7:10  Zergling x6  
  52  7:19  Drone  
  52  7:20  Drone  
  54  7:24  Zergling x10  
  54  7:29  Hydralisk x2  
  63  7:45  Drone  
  63  7:46  Overlord  
  63  7:47  Overlord  
  56  8:14  Hydralisk x6  
  56  8:18  Zergling x2  
  69  8:30  Drone x2  
  69  8:33  Drone  
  72  8:34  Drone  
  61  9:09  Zergling x18  
  70  9:19  Queen  
  70  9:23  Drone  
  73  9:25  Drone  
  74  9:46  Zerg Melee Weapons Level 2  
  74  9:53  Drone x6  
  80  10:01  Infestation Pit  
  80  10:12  Spire  
  79  10:42  Infestation Pit  
  78  10:56  Evolution Chamber  
  77  11:11  Drone x3  
  80  11:14  Overlord  
  80  11:15  Overlord x4  
  80  11:16  Overlord  
  80  11:39  Hive  
  80  11:40  Overseer  
  80  11:43  Overseer  
  80  11:59  Zerg Ground Armor Level 1  
  80  12:23  Corruptor  
  80  12:24  Corruptor x3  
  80  12:25  Corruptor x2  
  80  12:26  Corruptor x2  
  96  12:51  Adrenal Glands  
  96  12:55  Greater Spire  
  96  13:00  Zerg Melee Weapons Level 3  
  96  13:14  Baneling Nest  
  95  13:30  Overlord x3  
  95  13:31  Overlord  
  95  13:32  Overlord x2  
  95  13:42  Drone x5  
  95  13:43  Drone x6  
  106  14:06  Brood Lord x3  
  106  14:07  Brood Lord x2  
  116  14:11  Brood Lord  
  116  14:16  Zergling x2  
  116  14:17  Zergling x6  
  122  14:33  Drone x3  
  122  14:35  Extractor  
  122  14:37  Extractor  
  123  14:42  Zergling x4  
  123  14:43  Zergling x14  
  132  14:51  Brood Lord x2  
  136  14:55  Corruptor x2  
  140  15:15  Zergling x2  
  140  15:16  Zergling x26  
  140  15:17  Zergling x4  
  156  15:59  Hydralisk  
  156  16:00  Hydralisk x9  
Show
View Real Time Build Order
Export as new Build Order

JollyMcPot Protoss 

Build Orders: 1 Gate Expand 

Get SALT Encoding   

  12  0:01  Probe (Chrono Boost)  
  13  0:11  Probe (Chrono Boost)  
  14  0:19  Pylon  
  14  0:22  Probe (Chrono Boost)  
  15  0:29  Assimilator  
  15  0:40  Gateway  
  16  0:43  Probe (Chrono Boost)  
  16  0:53  Probe (Chrono Boost)  
  17  1:04  Probe (Chrono Boost)  
  18  1:18  Probe (Chrono Boost)  
  19  1:27  Nexus  
  19  1:29  Probe (Chrono Boost)  
  21  1:40  Probe (Chrono Boost)  
  21  1:46  Assimilator  
  21  1:49  Cybernetics Core  
  21  1:56  Pylon  
  21  2:02  Probe (Chrono Boost)  
  22  2:13  Probe (Chrono Boost)  
  23  2:22  Gateway  
  23  2:23  Probe (Chrono Boost), Gateway  
  24  2:40  Mothership Core (Chrono Boost)  
  26  2:45  Stalker  
  26  2:47  Warp Gate (Chrono Boost)  
  24  3:05  Probe (Chrono Boost)  
  25  3:09  Probe (Chrono Boost)  
  26  3:16  Probe (Chrono Boost)  
  27  3:23  Gateway  
  27  3:26  Probe (Chrono Boost)  
  28  3:46  Pylon  
  28  3:48  Pylon  
  28  3:50  Probe x2 (Chrono Boost), Pylon  
  30  3:56  Stalker  
  32  4:08  Probe  
  32  4:09  Probe  
  34  4:19  Probe  
  34  4:21  Probe  
  34  4:22  Sentry  
  34  4:23  Sentry  
  40  4:33  Robotics Facility  
  40  4:41  Stargate  
  40  4:56  Probe  
  40  4:57  Pylon  
  40  4:58  Probe  
  15  5:28  Immortal  
  17  5:36  Probe  
  17  5:38  Probe  
  19  5:47  Probe  
  20  5:50  Probe  
  21  5:58  Probe  
  21  6:02  Probe  
  23  6:08  Probe  
  24  6:14  Probe  
  25  6:27  Observer  
  25  6:30  Oracle  
  29  6:35  Probe  
  29  6:36  Probe  
  31  6:47  Probe (Chrono Boost)  
  31  6:48  Probe (Chrono Boost)  
  33  6:58  Probe (Chrono Boost)  
  34  7:07  Stalker x2  
  38  7:25  Probe x2 (Chrono Boost)  
  40  7:35  Probe x2 (Chrono Boost)  
  42  7:46  Probe (Chrono Boost)  
  43  8:12  Zealot x2  
  42  8:13  Zealot x2  
  42  8:15  Immortal (Chrono Boost)  
  42  8:17  Probe (Chrono Boost)  
  42  8:19  Probe  
  54  8:28  Probe  
  54  8:31  Probe  
  42  9:02  Mothership Core  
  44  9:03  Probe  
  45  9:10  Stalker x2  
  45  9:14  Probe  
  50  9:17  Zealot  
  50  9:23  Probe  
  51  9:39  Probe  
  51  9:42  Probe  
  57  9:45  Immortal (Chrono Boost)  
  57  9:49  Zealot x4  
  57  9:50  Probe  
  66  9:54  Probe  
  67  10:16  Assimilator  
  67  10:18  Assimilator  
  67  10:21  Probe  
  67  10:22  Probe, Pylon  
  67  10:26  Immortal (Chrono Boost)  
  73  10:31  Probe  
  73  10:34  Probe  
  75  10:42  Zealot x4  
  83  10:53  Fleet Beacon, Probe  
  84  11:04  Probe  
  85  11:13  Mothership  
  85  11:14  Probe  
  85  11:15  Pylon  
  85  11:18  Pylon  
  86  11:21  Pylon  
  86  11:25  Pylon  
  86  11:28  Pylon  
  86  11:34  Immortal (Chrono Boost)  
  86  11:36  Stalker x2  
  86  11:37  Stalker  
  86  11:39  Stalker  
  98  11:47  Twilight Council  
  104  12:14  Pylon  
  104  12:17  Pylon  
  104  12:21  Pylon  
  104  12:26  Forge  
  104  12:28  Immortal (Chrono Boost), Forge  
  114  12:46  Blink (Chrono Boost)  
  114  12:51  Carrier (Chrono Boost)  
  114  13:02  Warp Prism  
  116  13:15  Zealot x3  
  116  13:16  Zealot  
  124  13:30  Protoss Ground Weapons Level 1  
  124  13:33  Protoss Shields Level 1  
  130  14:23  Carrier  
  130  14:24  Stalker x3  
  132  14:26  Stalker  
  138  14:37  Charge (Chrono Boost)  
  138  14:38  Nexus  
  138  14:41  Assimilator  
  138  14:42  Assimilator  
  138  14:45  Pylon  
  138  14:48  Pylon  
  138  14:52  Pylon  
  138  15:00  Zealot  
  138  15:01  Zealot  
  138  15:03  Zealot x2  
  146  15:10  Pylon  
  146  15:11  Pylon  
  146  15:12  Pylon  
  142  16:11  Stalker x2  
  97  16:42  Stalker x2  
Tags
 
Add a new tag
Caveats
  • Supply blocks, unpowered buildings, or Contaminate may cause inaccurate times.
  • Supply counts are checked every 10 seconds.